 Dungeon Crawl Stone Soup version 0.27-a0-1196-g3e9cee4cb2 (webtiles) character file.

Game seed: 10478058074556026113

26 freelancePsychic the Changer (level 2, 0/21 HPs)
             Began as a Demonspawn Wanderer on May 30, 2021.
             Slain by a goblin
             ... wielding a +0 dagger
              (1 damage)
             ... on level 2 of the Dungeon.
             The game lasted 00:02:03 (1366 turns).

freelancePsychic the Changer (Demonspawn Wanderer)  Turns: 1366, Time: 00:02:03

Health: 0/21       AC:  2    Str: 15    XL:     2   Next: 89%
Magic:  2/2        EV: 11    Int: 11    God:
Gold:   19         SH:  0    Dex: 11    Spells: 1/1 levels left

rFire    . . .     SeeInvis .   e - +3 mace
rCold    . . .     Faith    .   (no shield)
rNeg     . . .     Spirit   .   d - +0 robe
rPois    .         Reflect  .   (no helmet)
rElec    .         Harm     .   (no cloak)
rCorr    .         Rampage  .   (no gloves)
Will     .....                  (no boots)
Stlth    +.........             (no amulet)
HPRegen  0.07/turn              (no ring)
MPRegen  0.08/turn              (no ring)

@: no status effects
A: powered by pain 1
a: no special abilities


You were on level 2 of the Dungeon.
You visited 1 branch of the dungeon, and saw 2 of its levels.

You collected 19 gold pieces.

Inventory:

Hand Weapons
 e - a +3 mace (weapon)
Missiles
 b - 9 stones
Armour
 d - a +0 robe (worn)
Jewellery
 a - a +4 ring of evasion
Miscellaneous
 c - a piece from Xom's chessboard (9/15) (quivered)


   Skills:
 + Level 1.5 Fighting
 + Level 1.3 Maces & Flails
 - Level 1.8 Bows
 - Level 1.0 Armour
 - Level 1.1 Conjurations
 - Level 3.6 Transmutations
 - Level 2.0 Evocations


You had one spell level left.
You didn't know any spells.
Your spell library contained the following spells:

 Spells                   Type           Power      Damage    Failure   Level
 Apportation              Tloc           0%         N/A       34%         1
 Sandblast                Erth           0%         2d4       34%         1
 Summon Small Mammal      Summ           0%         N/A       34%         1
 Passwall                 Tmut/Erth      3%         N/A       26%         2
 Call Imp                 Summ           0%         N/A       47%         2
 Stone Arrow              Conj/Erth      2%         3d7       65%         3
 Call Canine Familiar     Summ           0%         N/A       71%         3
 Gell's Gravitas          Tloc           0%         N/A       71%         3
 Summon Guardian Golem    Hex/Summ       0%         N/A       71%         3
 Petrify                  Tmut/Erth      4%         N/A       86%         4
 Summon Ice Beast         Ice/Summ       0%         N/A       98%         4
 Summon Lightning Spire   Summ/Air       0%         N/A       98%         4
 Lee's Rapid Deconstruct  Erth           0%         3d5*      100%        5


Dungeon Overview and Level Annotations

Branches:
Dungeon (2/15)

Altars:


Innate Abilities, Weirdness & Mutations

You sometimes gain a little power by taking damage.


Message History

The ball python hisses angrily.
The adder bites you. x2
You are poisoned.
The adder poisons you!
You miss the adder.
You feel sick. The goblin misses you. The adder bites you.
You are more poisoned.
The adder poisons you! The goblin hits you with a +0 dagger.
The adder barely misses you.
You are too injured to fight recklessly!
You are too injured to fight recklessly!
You are too injured to fight recklessly!
You are too injured to fight recklessly!
You are too injured to fight recklessly!
You are too injured to fight recklessly!
You are too injured to fight recklessly!
You are too injured to fight recklessly!
You are too injured to fight recklessly!
You are too injured to fight recklessly!
You are too injured to fight recklessly!
You are too injured to fight recklessly!
You are too injured to fight recklessly!
You are too injured to fight recklessly!
You are too injured to fight recklessly!
You feel sick.
You feel sick.
You feel sick.
You make a move on Xom's chessboard...
The goblin seems to speed up.
You feel sick. The adder bites you.
* * * LOW HITPOINT WARNING * * *
The adder closely misses you.
You make a move on Xom's chessboard...
Nothing appears to happen.
* * * LOW HITPOINT WARNING * * *
You feel sick. The adder barely misses you. The goblin closely misses you.
You make a move on Xom's chessboard...
The adder is moving more slowly.
* * * LOW HITPOINT WARNING * * *
You feel sick.
You are no longer poisoned.
The adder misses you. The goblin barely misses you.
The goblin hits you with a +0 dagger.
You die...

##########
#........########
....S..#g.......#
#S####.##SS.....#
#. #g#####.# ..
#@# #.##### #.
#.# #.....# #.
#.# #.###.# #.
#.# #.# #.# #.#
#.# #.# #.# #.#
#.# ..# #.# #.#
### #.# #.#
#.###.###


You could see an adder (petrifying), 2 goblins and a ball python.

Vanquished Creatures
  2 dart slugs (D:1)
  An endoplasm (D:1)
  4 goblins (D:1)
  3 hobgoblins (D:1)
  2 jackals (D:1)
  3 quokkas
  2 bats
  A frilled lizard (D:1)
  A rat (D:1)
19 creatures vanquished.

Notes
Turn   | Place    | Note
-------+----------+-------------------------------------------
     0 | D:1      | freelancePsychic the Demonspawn Wanderer began the quest
                  | for the Orb.
     0 | D:1      | freelancePsychic set off with the following items: a +0
                  | club, a piece from Xom's chessboard (15/15), a +0 robe; and
                  | the following spells available to memorise: Passwall,
                  | Apportation, Sandblast, Stone Arrow, Gell's Gravitas,
                  | Petrify, Lee's Rapid Deconstruction
     0 | D:1      | Reached XP level 1. HP: 13/13 MP: 1/1
   240 | D:1      | Gained mutation: You sometimes gain a little power by
                  | taking damage. [demonic ancestry]
   240 | D:1      | Reached XP level 2. HP: 15/20 MP: 2/2
   508 | D:1      | Reached skill level 1 in Fighting
   508 | D:1      | Reached skill level 1 in Maces & Flails
   987 | D:1      | HP: 1/21 [jackal (1)]
  1364 | D:2      | HP: 1/21 [poisoned by an adder]
  1366 | D:2      | Slain by a goblin

Illustrated notes

Levels and vault maps discovered:
D:1:      lightli_arrival_lavapool, layout_basic
D:2:      kennysheep_big_flooded_room, layout_loops_ring, corexii_corridor_pit

Skill      XL: |  1  2 |
---------------+-------+-----
Fighting       | 1 |  1.5
Maces & Flails | 1 |  1.3
Bows           | |  1.8
Armour         | |  1.0
Conjurations   | |  1.1
Transmutations | |  3.6
Evocations     | |  2.0

Action                   || total
-------------------------++-------
Melee: Club              ||    12
       Mace              ||    51
Evoke: Piece from Xom's  ||     8
 Stab: Paralysed         ||     2
       Sleeping          ||     1
Armor: Robe              ||    15
Dodge: Dodged            ||    51

Table legend: (Time is in decaauts)
 A = Elapsed time spent in this place.
 B = Non-inter-level travel time spent in this place.
 C = Inter-level travel time spent in this place.
 D = Time resting spent in this place.
 E = Time spent auto-exploring this place.
 F = Levels seen in this place.
 G = Mean time per level.
                   A        B        C        D        E       F      G
               +--------+--------+--------+--------+--------+-----+--------+
         Total |   1386 |   1386 |      0 |    258 |    944 |   2 |  693.0 |
       Dungeon |   1386 |   1386 |      0 |    258 |    944 |   2 |  693.0 |
               +--------+--------+--------+--------+--------+-----+--------+

Top non-repeatable levels by time:
     D:1: 1026 daAuts
     D:2: 360 daAuts
